AoeStats
← 297539664

Arena

510111169Analyzed
4v4 RM · 3d ago on Sep 29, 2026· 34m 36s· 8 players
Game mode
Random Map
Map size
Large (8 player)
Population
200
Speed
Normal
Resources
Standard
Victory
Conquest
Starting age
Dark Age
Ending age
Imperial Age
RankedLock teamsTeams togetherTeam positionsShared explorationLock speedFull tech treeHidden civsTurbo modeCheats
Victory
Defeat
🇨🇳 Poles · China
1464
+11
🇹🇼 Persians · Taiwan
1269
+19
🇨🇳 Celts · China
1261
+19
🇹🇼 Mongols · Taiwan
1246
+19
🇫🇷 Japanese · France
1386
-19
🇨🇳 Ethiopians · China
1345
-18
🇩🇪 Bohemians · Germany
1336
-17
🇩🇪 Persians · Germany
1263
-14
Heiner
10:24 Feudal Age
14:05 Castle Age
12:22 Double-Bit Axe
12:52 Horse Collar
15:07 Heavy Plow
19:15 Wheelbarrow
22:59 Bow Saw
27:16 Imperial Age
26:46 Sanctity
28:07 Hussite Reforms
29:59 Fervor
30:26 Block Printing
Szorinx
10:13 Feudal Age
11:46 Horse Collar
16:53 Castle Age
15:13 Double-Bit Axe
20:21 Wheelbarrow
19:58 Bow Saw
20:28 Heavy Plow
20:47 Town Watch
20:50 Loom
24:23 Hand Cart
26:18 Gold Mining
29:46 Imperial Age
30:11 Bloodlines
Svodoo
11:15 Feudal Age
15:31 Castle Age
14:34 Double-Bit Axe
14:31 Horse Collar
19:13 Wheelbarrow
21:14 Loom
23:16 Bow Saw
24:02 Heavy Plow
25:15 Guard Tower
25:30 Scale Mail Armor
25:41 Forging
28:09 Imperial Age
25:43 Man-at-Arms
26:24 Squires
26:38 Gambesons
26:57 Scale Mail Armor
27:08 Forging
26:47 Long Swordsman
297539664
9:58 Feudal Age
13:38 Castle Age
11:58 Double-Bit Axe
12:28 Horse Collar
14:49 Bow Saw
21:25 Gold Mining
23:00 Gold Shaft Mining
24:29 Wheelbarrow
25:38 Padded Archer Armor
25:28 Fletching
25:17 Crossbowman
26:44 Leather Archer Armor
29:04 Imperial Age
27:15 Thumb Ring
27:22 Bodkin Arrow
28:39 Ballistics
29:07 Arbalester
30:19 Ring Archer Armor
29:50 Bracer
30:56 Chemistry
大理段正纯
10:25 Feudal Age
15:28 Castle Age
14:02 Double-Bit Axe
14:36 Horse Collar
16:17 Wheelbarrow
18:31 Bow Saw
19:37 Heavy Plow
24:37 Scale Mail Armor
27:55 Chain Mail Armor
27:51 Forging
29:13 Hand Cart
35:05 Imperial Age
34:07 Gold Mining
GARCIA1979
10:52 Feudal Age
11:38 Double-Bit Axe
11:40 Horse Collar
14:29 Castle Age
15:40 Wheelbarrow
15:31 Bow Saw
22:22 Heavy Plow
25:33 Gold Mining
25:36 Stone Mining
25:43 Loom
25:44 Town Watch
28:35 Imperial Age
26:59 Gold Shaft Mining
27:25 Stone Shaft Mining
26:57 Scale Barding Armor
27:07 Forging
27:26 Hand Cart
28:14 Chain Barding Armor
29:13 Conscription
29:38 Iron Casting
29:04 Elite War Elephant
30:38 Plate Barding Armor
30:30 Bloodlines
32:50 Blast Furnace
32:36 Town Patrol
33:38 Coinage
34:49 Banking
很蓝的啦
10:23 Feudal Age
9:06 Loom
12:11 Double-Bit Axe
15:13 Castle Age
13:21 Stone Mining
13:36 Horse Collar
16:11 Bow Saw
16:42 Heavy Plow
20:21 Loom
21:11 Wheelbarrow
21:29 Gold Mining
25:03 Stone Shaft Mining
24:51 Szlachta Privileges
25:20 Scale Barding Armor
25:25 Forging
25:50 Hand Cart
26:45 Chain Barding Armor
26:37 Bloodlines
26:27 Husbandry
27:31 Iron Casting
27:47 Light Cavalry
31:50 Imperial Age
29:05 Town Watch
33:38 Blast Furnace
32:12 Cavalier
小小財
10:13 Feudal Age
10:39 Loom
14:49 Castle Age
13:12 Double-Bit Axe
13:17 Horse Collar
13:45 Fletching
15:41 Horse Collar
17:33 Bodkin Arrow
21:39 Padded Archer Armor
27:14 Wheelbarrow
27:13 Leather Archer Armor
26:51 Stone Mining
33:35 Gold Mining
Connection lost

Rejoining the realm…

Still unreachable

The connection could not be restored.

Session expired

The server has moved on; the page needs a fresh start.